 Dungeon Crawl Stone Soup version 0.29-a0-451-gfbfa42419e (webtiles) character file.

Game seed: 16705580000678512687

24 acebull12 the Sneak (level 3, 0/22 HPs)
             Began as a Kobold Brigand on May 19, 2022.
             Slain by a quokka (2 damage)
             ... on level 1 of the Dungeon.
             The game lasted 00:00:58 (436 turns).

acebull12 the Sneak (Kobold Brigand)                 Turns: 436, Time: 00:00:58

Health: 0/22       AC:  3    Str: 10    XL:     3   Next: 15%
Magic:  3/3        EV: 14    Int: 12    God:
Gold:   21         SH:  0    Dex: 16    Spells: 2/2 levels left

rFire   . . .      SeeInvis .   a - +2 dagger
rCold   . . .      Faith    .   (no shield)
rNeg    . . .      Spirit   .   b - +0 robe
rPois   .          Reflect  .   (no helmet)
rElec   .          Harm     .   c - +0 cloak
rCorr   .          Rampage  .   (no gloves)
Will    .....                   (no boots)
Stlth   ++++......              (no amulet)
HPRegen 0.07/turn               (no ring)
MPRegen 0.08/turn               (no ring)

@: no status effects
A: small, no large weapons, nightstalker 3
a: no special abilities


You were on level 1 of the Dungeon.
You visited 1 branch of the dungeon, and saw 1 of its levels.

You collected 21 gold pieces.

Inventory:

Hand Weapons
 a - a +2 dagger (weapon)
Missiles
 d - 9 poisoned darts (quivered)
 e - 3 curare-tipped darts
Armour
 b - a +0 robe (worn)
 c - a +0 cloak (worn)
Scrolls
 f - 2 scrolls of identify {unknown}
 h - a scroll of blinking {unknown}
Potions
 g - a potion of lignification {unknown}


   Skills:
 * Level 2.4 Fighting
 * Level 3.2 Short Blades
 - Level 2.2 Throwing
 + Level 1.2 Dodging
 * Level 6.2 Stealth


You had 2 spell levels left.
You didn't know any spells.
Your spell library was empty.

Dungeon Overview and Level Annotations

Branches:
Dungeon (1/15)

Altars:


Innate Abilities, Weirdness & Mutations

You are small and have problems with some larger weapons.
You are completely attuned to the shadows.


Message History

You completely miss the ball python. The bat hits you but does no damage.
The ball python bites you. The ball python constricts you.
The frilled lizard bites you. The quokka closely misses you.
You hit the ball python.
You kill the ball python!
The bat closely misses you. The bat hits you but does no damage.
The quokka barely misses you. The frilled lizard bites you.
You closely miss the bat.
The bat is moderately wounded.
The bat hits you but does no damage. The quokka misses you.
The frilled lizard misses you.
You closely miss the quokka.
The quokka bites you but does no damage.
The frilled lizard misses you. The bat hits you but does no damage.
You hit the bat but do no damage.
The bat is moderately wounded.
The bat barely misses you. The quokka misses you.
You closely miss the quokka. The bat closely misses you.
The frilled lizard barely misses you. The quokka bites you.
You hit the quokka but do no damage. The bat misses you.
The frilled lizard barely misses you. The quokka bites you.
You are too injured to fight recklessly!
You are too injured to fight recklessly!
You completely miss the quokka. The bat hits you but does no damage. x2
The frilled lizard bites you. The quokka bites you.
* * * LOW HITPOINT WARNING * * *
The bat misses you.
You hit the quokka.
The quokka is almost dead.
The bat hits you.
* * * LOW HITPOINT WARNING * * *
The quokka bites you but does no damage.
The frilled lizard bites you.
* * * LOW HITPOINT WARNING * * *
You barely miss the quokka.
The quokka is almost dead.
The bat misses you. The quokka barely misses you.
The frilled lizard barely misses you. The quokka attacks as you move away!
The quokka bites you.
You die...

... #...######
##......... ##
#.....†r..#
.#####...##.....@l..#
.....#.^.##..†...b...
.....#...##..........
....##...######......
...##.._..## #.†....
..##...8...####.....
.##...###...##......
.#...## ##...#.#####
....## ##....#


You could see a quokka, a bat and a frilled lizard.

Vanquished Creatures
  2 ball pythons (D:1)
  6 bats (D:1)
  2 endoplasms (D:1)
  A giant cockroach (D:1)
  5 goblins (D:1)
  A quokka (D:1)
  A frilled lizard (D:1)
  A rat (D:1)
19 creatures vanquished.

Notes
Turn   | Place    | Note
-------+----------+-------------------------------------------
     0 | D:1      | acebull12 the Kobold Brigand began the quest for the Orb.
     0 | D:1      | Reached XP level 1. HP: 12/12 MP: 1/1
   145 | D:1      | Reached XP level 2. HP: 17/17 MP: 2/2
   366 | D:1      | Reached skill level 6 in Stealth
   396 | D:1      | Found a faded altar of an unknown god.
   415 | D:1      | Reached XP level 3. HP: 22/22 MP: 3/3
   434 | D:1      | HP: 1/22 [frilled lizard (3)]
   436 | D:1      | Slain by a quokka

Illustrated notes

Levels and vault maps discovered:
D:1:      ncdulo_wetmaze, layout_basic, hellmonk_ecumenical_altar_crossroads

Skill      XL: |  1  2 |
---------------+-------+-----
Short Blades   | 3 |  3.2
Stealth        | 6 |  6.2
Fighting       | |  2.4
Throwing       | |  2.2
Dodging        | |  1.2

Action                   || total
-------------------------++-------
Melee: Dagger            ||    44
 Stab: Sleeping          ||    11
Armor: Robe              ||    22
Dodge: Dodged            ||    42

Table legend: (Time is in decaauts)
 A = Elapsed time spent in this place.
 B = Non-inter-level travel time spent in this place.
 C = Inter-level travel time spent in this place.
 D = Time resting spent in this place.
 E = Time spent auto-exploring this place.
 F = Levels seen in this place.
 G = Mean time per level.
                   A        B        C        D        E       F      G
               +--------+--------+--------+--------+--------+-----+--------+
         Total |    436 |    436 |      0 |      0 |    326 |   1 |  436.0 |
       Dungeon |    436 |    436 |      0 |      0 |    326 |   1 |  436.0 |
               +--------+--------+--------+--------+--------+-----+--------+

Top non-repeatable levels by time:
     D:1: 436 daAuts
